AoeStats
← Doak

Lombardia

509981078Analyzed
3v3 RM · 2d ago on Sep 28, 2026· 49m 20s· 6 players
Game mode
Random Map
Map size
Normal (6 player)
Population
200
Speed
Normal
Resources
Standard
Victory
Conquest
Starting age
Dark Age
Ending age
Imperial Age
RankedLock teamsTeams togetherTeam positionsShared explorationLock speedFull tech treeHidden civsTurbo modeCheats
Victory
Defeat
🇺🇸 Mapuche · United States
1438
+17
🇬🇧 Persians · United Kingdom
1428
+17
🇺🇸 Khitans · United States
1396
+18
🇦🇷 Mongols · Argentina
1488
-19
🇦🇷 Maya · Argentina
1482
-19
🇦🇷 Vikings · Argentina
1377
-14
some.spiced.ham
9:22 Feudal Age
11:26 Loom
12:24 Forging
22:31 Scale Barding Armor
24:53 Double-Bit Axe
32:09 Castle Age
33:29 Iron Casting
32:17 Light Cavalry
33:23 Husbandry
33:53 Chain Barding Armor
45:40 Wheelbarrow
el_Feist
10:54 Feudal Age
10:27 Loom
15:54 Castle Age
15:56 Fletching
16:18 Double-Bit Axe
16:16 Horse Collar
19:29 Bodkin Arrow
25:10 Malon
25:29 Padded Archer Armor
26:27 Bow Saw
27:26 Gold Mining
29:41 Ballistics
41:04 Imperial Age
41:11 Imperial Age
39:17 Wheelbarrow
38:49 Stone Mining
39:01 Heavy Plow
41:24 Elite Bolas Rider
42:45 Butalmapu
43:12 Leather Archer Armor
43:45 Hand Cart
44:33 Town Watch
47:46 Ring Archer Armor
49:51 Caravan
Doak
2:51 Loom
10:31 Feudal Age
9:43 Loom
15:55 Castle Age
14:52 Gold Mining
14:48 Horse Collar
15:04 Double-Bit Axe
19:00 Bow Saw
20:07 Heavy Plow
21:57 Wheelbarrow
23:22 Wheelbarrow
23:58 Scale Barding Armor
24:27 Forging
24:45 Bloodlines
25:37 Chain Barding Armor
28:32 Husbandry
30:49 Iron Casting
38:14 Imperial Age
39:05 Plate Barding Armor
37:52 Cavalier
40:27 Blast Furnace
41:42 Fletching
42:26 Hand Cart
43:11 Crop Rotation
43:46 Bodkin Arrow
44:54 Chemistry
43:42 Town Watch
43:54 Savar
44:15 Light Cavalry
45:15 Padded Archer Armor
45:27 Masonry
45:58 Conscription
46:40 Leather Archer Armor
46:57 Architecture
47:10 Town Patrol
47:44 Arson
48:39 Ring Archer Armor
48:31 Ballistics
48:48 Hussar
Mr_Bruswill
0:30 Loom
9:24 Feudal Age
10:12 Double-Bit Axe
15:25 Fletching
22:12 Castle Age
20:43 Horse Collar
21:44 Stone Mining
21:48 Gold Mining
23:03 Bodkin Arrow
23:52 Padded Archer Armor
24:47 Crossbowman
28:56 Ballistics
33:27 Leather Archer Armor
37:40 Imperial Age
38:41 Conscription
38:29 Bracer
40:52 Chemistry
46:42 Bow Saw
47:29 Ring Archer Armor
guido_ara
3:55 Loom
7:56 Loom
10:02 Feudal Age
10:26 Man-at-Arms
11:09 Double-Bit Axe
16:15 Fletching
23:02 Castle Age
21:43 Padded Archer Armor
21:30 Horse Collar
21:43 Gold Mining
21:43 Stone Mining
23:04 Crossbowman
23:39 Bodkin Arrow
27:46 Ballistics
33:38 Leather Archer Armor
34:21 Heavy Plow
41:07 Imperial Age
41:37 Scale Mail Armor
41:47 Forging
41:22 Arbalester
42:02 Bracer
43:03 Chain Mail Armor
42:58 Forging
43:04 Chieftains
42:36 Elite Berserk
45:45 Plate Mail Armor
46:04 Iron Casting
48:55 Blast Furnace
HeroSan
6:19 Loom
8:49 Feudal Age
10:07 Double-Bit Axe
19:39 Castle Age
19:08 Bloodlines
18:55 Horse Collar
19:06 Gold Mining
22:01 Husbandry
29:29 Scale Barding Armor
32:18 Chain Barding Armor
34:23 Fletching
35:01 Bodkin Arrow
35:58 Padded Archer Armor
38:28 Wheelbarrow
41:02 Hand Cart
41:42 Leather Archer Armor
42:20 Town Watch
48:12 Imperial Age
47:22 Forging
49:35 Iron Casting
49:00 Bracer
49:33 Ballistics
50:13 Chemistry
Connection lost

Rejoining the realm…

Still unreachable

The connection could not be restored.

Session expired

The server has moved on; the page needs a fresh start.